Map: Prion Terraces

Players

ShoWTimE

  • Race: Protoss Protoss
  • League: Master

Dayshi - Winner!

  • Race: Terran Terran
  • League: Grandmaster

Event: Homestory Cup XII

VOD

Have the link to the VOD?

Description

Time

  • Played on: Dec. 17, 2015, 9:44 a.m.
  • Length: 10:11

All games in this series

Show
View Real Time Build Order
Export as new Build Order

ShoWTimE Protoss 

Build Orders: 1 Gate Expand 

Get SALT Encoding   

  12  0:00  Probe (Chrono Boost)  
  13  0:11  Probe (Chrono Boost)  
  14  0:17  Pylon  
  14  0:22  Probe (Chrono Boost)  
  15  0:36  Probe (Chrono Boost), Gateway  
  15  0:41  Assimilator  
  16  0:46  Probe (Chrono Boost)  
  18  0:57  Probe (Chrono Boost)  
  18  1:07  Probe (Chrono Boost)  
  19  1:22  Nexus  
  19  1:32  Cybernetics Core  
  19  1:35  Probe (Chrono Boost)  
  20  1:41  Assimilator  
  20  1:45  Probe (Chrono Boost)  
  21  1:52  Pylon  
  21  1:56  Probe (Chrono Boost)  
  22  2:10  Adept (Chrono Boost)  
  22  2:11  Mothership Core (Chrono Boost)  
  22  2:13  Warp Gate  
  26  2:29  Probe  
  27  2:33  Probe  
  30  2:37  Adept (Chrono Boost)  
  30  2:41  Probe  
  30  2:42  Robotics Facility  
  31  2:44  Probe  
  32  2:53  Probe  
  32  2:54  Probe  
  34  3:04  Adept (Chrono Boost)  
  34  3:05  Probe x2  
  38  3:15  Probe  
  38  3:17  Probe (Chrono Boost)  
  40  3:21  Pylon  
  40  3:28  Probe (Chrono Boost)  
  40  3:29  Probe (Chrono Boost)  
  40  3:32  Robotics Bay  
  42  3:35  Assimilator  
  42  3:37  Probe (Chrono Boost), Assimilator  
  42  3:40  Probe (Chrono Boost), Observer (Chrono Boost)  
  45  3:46  Adept  
  45  3:47  Probe  
  47  3:52  Probe  
  47  3:54  Pylon  
  49  3:58  Probe  
  50  4:03  Warp Prism (Chrono Boost)  
  50  4:05  Probe  
  50  4:09  Probe  
  53  4:16  Gateway  
  54  4:18  Probe  
  54  4:21  Gateway  
  55  4:25  Probe, Pylon  
  55  4:30  Probe  
  55  4:31  Disruptor (Chrono Boost)  
  60  4:39  Gravitic Drive (Chrono Boost)  
  60  4:42  Pylon  
  60  4:49  Probe x2  
  61  4:58  Twilight Council  
  61  5:05  Probe, Disruptor  
  62  5:12  Probe  
  66  5:24  Stalker  
  66  5:25  Stalker x2  
  72  5:28  Probe  
  72  5:34  Probe  
  74  5:36  Blink (Chrono Boost)  
  74  5:45  Pylon  
  74  5:50  Nexus  
  74  5:53  Probe  
  74  5:54  Pylon  
  74  5:55  Probe  
  76  6:03  Colossus  
  76  6:06  Probe  
  76  6:10  Extended Thermal Lance (Chrono Boost)  
  83  6:18  Sentry  
  84  6:19  Probe x2  
  86  6:26  Forge  
  86  6:31  Probe x2  
  88  6:38  Gateway  
  88  6:41  Gateway  
  88  6:43  Gateway, Probe x2  
  90  6:47  Sentry  
  90  6:48  Stalker  
  94  6:56  Pylon  
  94  6:58  Pylon  
  94  7:02  Probe x2  
  94  7:07  Probe  
  103  7:14  Pylon  
  103  7:18  Colossus  
  103  7:27  Pylon  
  103  7:28  Stalker x3  
  103  7:29  Assimilator  
  95  7:49  Protoss Ground Armor Level 1 (Chrono Boost)  
  84  7:52  Pylon  
  84  7:56  Pylon  
  84  7:59  Pylon  
  84  8:00  Mothership Core (Chrono Boost)  
  86  8:13  Colossus, Pylon  
  87  8:23  Probe (Chrono Boost)  
  87  8:25  Stalker x4  
  96  8:30  Pylon  
  96  8:37  Pylon  
  96  8:41  Nexus  
  95  8:50  Probe (Chrono Boost)  
  95  8:52  Probe (Chrono Boost)  
  96  8:55  Sentry  
  96  8:56  Sentry x2, Stalker x2  
  106  9:08  Colossus  
  112  9:11  Probe (Chrono Boost)  
  112  9:16  Probe (Chrono Boost)  
  112  9:21  Probe (Chrono Boost)  
  113  9:27  Stalker x2  
  113  9:28  Probe (Chrono Boost)  
  116  9:40  Probe (Chrono Boost)  
  116  9:42  Probe (Chrono Boost)  
  97  10:00  Zealot  
  97  10:02  Zealot x2  
  97  10:03  Zealot  
Show
View Real Time Build Order
Export as new Build Order

Dayshi Terran - Winner!

Build Orders: Liberator Opening, MMM Bio 

Get SALT Encoding   

  12  0:00  SCV  
  13  0:13  SCV  
  14  0:17  Supply Depot  
  14  0:25  SCV  
  15  0:38  SCV  
  15  0:40  Barracks  
  16  0:42  Refinery  
  16  0:50  SCV  
  17  1:02  SCV  
  18  1:15  SCV  
  19  1:27  Marine  
  19  1:28  Orbital Command  
  20  1:38  Supply Depot  
  20  1:45  Factory, Marine  
  21  1:53  SCV  
  22  2:06  Command Center  
  22  2:08  SCV  
  22  2:10  Barracks Reactor  
  22  2:15  Refinery  
  23  2:21  SCV  
  24  2:27  Widow Mine  
  26  2:33  SCV  
  27  2:45  SCV  
  27  2:46  Starport  
  27  2:47  Marine x2  
  30  2:57  SCV  
  31  3:02  Factory Tech Lab  
  31  3:09  Liberator  
  31  3:18  SCV, Orbital Command, Marine x2  
  37  3:31  SCV  
  38  3:35  Supply Depot  
  38  3:37  Marine x2  
  40  3:43  SCV x2  
  40  3:46  Cyclone  
  45  3:50  Barracks  
  46  3:55  SCV  
  46  3:58  Supply Depot  
  46  4:00  Bunker  
  47  4:02  SCV  
  47  4:04  Marine  
  47  4:05  Marine  
  47  4:07  SCV  
  36  4:10  Medivac  
  50  4:15  SCV  
  53  4:17  Supply Depot  
  53  4:19  SCV  
  54  4:25  Refinery  
  54  4:27  SCV  
  54  4:29  Marine  
  54  4:30  Marine  
  57  4:32  SCV, Factory Reactor  
  58  4:39  SCV, Engineering Bay  
  58  4:44  SCV  
  60  4:46  Barracks  
  60  4:51  SCV  
  61  4:56  SCV, Marauder, Marine x2  
  61  4:57  Stimpack  
  66  5:02  Supply Depot  
  66  5:03  SCV  
  64  5:08  SCV  
  64  5:13  Terran Infantry Weapons Level 1  
  65  5:16  Command Center  
  65  5:21  Medivac  
  67  5:22  SCV  
  67  5:28  Marine x2  
  69  5:29  Marauder  
  69  5:33  SCV  
  69  5:34  SCV  
  71  5:36  Barracks Tech Lab  
  71  5:41  Factory Tech Lab  
  71  5:44  Missile Turret  
  71  5:46  Missile Turret, Liberator  
  71  5:48  Missile Turret  
  71  5:49  SCV x2, Refinery  
  73  5:52  Marauder  
  73  5:53  Marine  
  73  5:54  Supply Depot, Marine  
  77  5:58  Liberator  
  77  6:05  Missile Turret  
  77  6:14  SCV  
  77  6:15  SCV  
  77  6:17  Marauder x2  
  86  6:23  Combat Shields  
  86  6:24  Supply Depot  
  86  6:27  Marine x2  
  86  6:29  Barracks  
  86  6:32  Barracks  
  88  6:36  Orbital Command  
  88  6:41  Marauder  
  88  6:44  Marauder  
  88  6:46  Marine  
  88  6:47  Marine  
  93  6:54  Medivac  
  96  6:58  Medivac  
  98  7:02  SCV x2, Orbital Command  
  98  7:08  Supply Depot  
  100  7:09  Terran Infantry Armor Level 1, Factory Reactor, Supply Depot  
  100  7:11  Marauder  
  100  7:13  Marine  
  103  7:21  SCV x2  
  99  7:25  Marauder  
  101  7:30  Barracks Reactor  
  101  7:32  Barracks Tech Lab  
  101  7:33  SCV x2, Marine x2  
  106  7:37  SCV  
  105  7:49  Marauder x2  
  109  7:52  Armory  
  109  7:53  Marauder  
  109  7:55  SCV  
  111  8:03  SCV x2  
  111  8:04  Liberator  
  113  8:06  Bunker  
  113  8:10  Marauder  
  113  8:11  Liberator  
  108  8:20  Marauder, Marine x3  
  108  8:21  SCV x2, Marauder  
  108  8:23  SCV  
  121  8:27  Engineering Bay  
  121  8:29  Marine  
  124  8:37  Supply Depot  
  124  8:38  Supply Depot  
  124  8:42  Marauder  
  124  8:43  Marine  
  125  8:49  Missile Turret  
  125  8:53  SCV, Missile Turret  
  125  8:54  SCV  
  125  8:58  SCV, Marauder x2, Supply Depot, Marine x3  
  125  9:00  Supply Depot  
  133  9:04  Marauder  
  133  9:05  Marine  
  135  9:16  Marine x2  
  140  9:20  Marine, Marauder x2  
  140  9:23  Marine  
  142  9:25  Marauder  
  144  9:33  Marine x2, Medivac x2  
  144  9:38  Marine  
  143  9:41  Marine  
  143  9:42  Marauder x2  
  146  9:46  Marauder  
  146  9:51  Marine x2  
Tags
 
Add a new tag
Caveats
  • Supply blocks, unpowered buildings, or Contaminate may cause inaccurate times.
  • Supply counts are checked every 10 seconds.